 Dungeon Crawl Stone Soup version 0.28-a0-479-g5baa6b73be (webtiles) character file.

Game seed: 6031538093144410668

113 wakim the Slasher (level 4, -3/39 HPs)
             Began as a Palentonga Fighter on Sept 18, 2021.
             Was an Initiate of Makhleb.
             Slain by an iguana (6 damage)
             ... on level 4 of the Dungeon.
             The game lasted 00:06:48 (3183 turns).

wakim the Slasher (Palentonga Fighter)              Turns: 3183, Time: 00:06:49

Health: -3/39      AC:  4    Str: 19    XL:     4   Next: 65%
Magic:  4/4        EV:  9    Int:  8    God:    Makhleb [......]
Gold:   9          SH:  4    Dex: 11    Spells: 3/3 levels left

rFire   . . .      SeeInvis +   b - +1 dagger (venom)
rCold   . . .      Faith    .   c - +0 buckler
rNeg    . . .      Spirit   .   d - +0 leather armour {rPois}
rPois   +          Reflect  .   (no helmet)
rElec   .          Harm     .   (no cloak)
rCorr   .          Rampage  .   (no gloves)
Will    .....                   (no barding)
Stlth   +.........              (no amulet)
HPRegen 0.13/turn               (no ring)
MPRegen 0.09/turn               (no ring)

@: no status effects
A: large, rugged brown scales 3, see invisible, deformed body, roll 1, armoured
tail
a: Rolling Charge, Renounce Religion


You were on level 4 of the Dungeon.
You worshipped Makhleb.
Makhleb was noncommittal.
You visited 1 branch of the dungeon, and saw 4 of its levels.

You collected 151 gold pieces.
You spent 142 gold pieces at shops.

Inventory:

Hand Weapons
 a - a +1 long sword
 b - a +1 dagger of venom (weapon)
Armour
 c - a +0 buckler (worn)
 d - a +0 leather armour of poison resistance (worn)
Wands
 w - a wand of acid (8)
Scrolls
 f - a scroll of enchant armour
 R - a scroll of magic mapping {!r}
 T - 3 scrolls of teleportation
Potions
 e - a potion of berserk rage {unknown}
 i - a potion of cancellation {unknown}
 l - a potion of curing {unknown}
 H - a potion of haste
 J - 2 potions of heal wounds
 N - 2 potions of might


   Skills:
 + Level 3.9 Fighting
 * Level 4.2 Long Blades
 - Level 2.4 Armour
 - Level 2.4 Shields
 + Level 0.3 Invocations


You had 3 spell levels left.
You didn't know any spells.
Your spell library contained the following spells:

 Spells                   Type           Power      Damage    Failure   Level
 Leda's Liquefaction      Hex/Erth       0%         N/A       99%         4
 Lee's Rapid Deconstruct  Erth           0%         3d5*      100%        5
 Statue Form              Tmut/Erth      0%         N/A       100%        6


Dungeon Overview and Level Annotations

Branches:
Dungeon (4/15)
 Temple: D:4-7

Altars:
Dithmenos
Makhleb

Shops:
D:4 =?


Innate Abilities, Weirdness & Mutations

You are completely covered in rugged brown scales. (AC +3, +7% HP)
You have supernaturally acute eyesight. (SInv)
Armour fits poorly on your strangely shaped body.
You can roll at nearby foes to attack.
You have a long armoured tail.


Message History

The endoplasm is almost dead.
The endoplasm closely misses you. The endoplasm freezes you.
You are frozen.
You barely miss the endoplasm.
The endoplasm is almost dead.
The endoplasm closely misses you.
You hit the endoplasm.
You kill the endoplasm!
Makhleb accepts your kill.
HP restored.
There is an entrance to Fonlih's Jewellery Shoppe here.
There is an entrance to Ykkauq's Magic Scroll Boutique here.
f - a scroll of enchant armour;
r - a scroll of identify
R - a scroll of magic mapping {!r} Thank you for shopping at Ykkauq's Magic Scroll Boutique!
As you read the scroll of identify, it crumbles to dust.
m - a potion of haste;
H - a potion of haste An iguana comes into view.
The iguana hisses angrily.
You roll forward with a clatter of scales!
You closely miss the iguana. The iguana closely misses you.
You hit the iguana.
The iguana is moderately wounded.
The iguana bites you.
You barely miss the iguana.
Your tail-slap misses the iguana.
The iguana is moderately wounded.
The iguana bites you!
You barely miss the iguana.
The iguana is moderately wounded.
The iguana bites you!
* * * LOW HITPOINT WARNING * * *
The iguana bites you!
* * * LOW HITPOINT WARNING * * *
Your +1 dagger of venom begins to drip with poison!
b - a +1 dagger of venom (weapon)
You closely miss the iguana.
The iguana is moderately wounded.
The iguana bites you.
You die...

...............
####+##..............#
#.........##......#
####.#..#.##......#
###.####.##......#
#........##......#
#.#.###.###...<..#
...#.# #..##.l....#
... #.# ##..#.@....#
#.... #.####..##.....#
#... ..##....##.....#
+...
..##...∩...###.... ..
####....# ##. #..###
#..# #... #....


You could see an iguana.

Vanquished Creatures
  An orc wizard (D:3)
  3 adders
  A dart slug (D:2)
  6 orcs
  4 ball pythons
  6 endoplasms
  5 giant cockroaches
  4 goblins
  4 hobgoblins
  4 jackals
  2 quokkas
  2 frilled lizards
  4 kobolds
  A rat (D:2)
47 creatures vanquished.

Notes
Turn   | Place    | Note
-------+----------+-------------------------------------------
     0 | D:1      | wakim the Palentonga Fighter began the quest for the Orb.
     0 | D:1      | Reached XP level 1. HP: 19/19 MP: 1/1
   231 | D:1      | Reached XP level 2. HP: 25/25 MP: 2/2
   988 | D:2      | Reached skill level 3 in Long Blades
   988 | D:2      | Reached XP level 3. HP: 31/31 MP: 3/3
  1801 | D:3      | Found a shadowy altar of Dithmenos.
  2191 | D:3      | Reached skill level 4 in Long Blades
  2191 | D:3      | Reached XP level 4. HP: 26/39 MP: 4/4
  2505 | D:3      | Found a burning altar of Makhleb.
  2514 | D:3      | Became a worshipper of Makhleb the Destroyer
  3099 | D:4      | Found Fonlih's Jewellery Shoppe.
  3167 | D:4      | Found Ykkauq's Magic Scroll Boutique.
  3175 | D:4      | Bought a scroll of enchant armour for 82 gold pieces
  3175 | D:4      | Bought a scroll of identify for 22 gold pieces
  3175 | D:4      | Bought a scroll of magic mapping for 38 gold pieces
  3183 | D:4      | Slain by an iguana

Illustrated notes

Levels and vault maps discovered:
D:1:      dpeg_arrival_rooms_c, layout_loops_ring
D:2:      layout_basic, chequers_serial_rivers_room_b
D:3:      layout_basic, nicolae_dithmenos_through_a_glass_darkly,
          bloody_makhleb, hangedman_decor_clover_reticule
D:4:      layout_basic, nicolae_elyvilon_peaceful_grove,
          okawaru_metal_pillars_3, serial_shops, shop_fountains, shop,
          kennysheep_mini_moat, nicolae_square_shop, minivault_24,
          hangedman_abyss_or_decor_passed, kennysheep_pointless_box

Skill      XL: |  1  2  3 |
---------------+----------+-----
Long Blades    | 3 4 |  4.2
Fighting       | |  3.9
Armour         | |  2.4
Shields        | |  2.4
Invocations    | |  0.3

Action                   |  1- 3 |  4- 6 || total
-------------------------+-------+-------++-------
Melee: Long sword        |   104 |    31 ||   135
       Tailslap          |     8 |       ||     8
       Dagger            |       |     1 ||     1
 Abil: Rolling Charge    |    20 |     9 ||    29
  Use: Scroll            |     1 |     7 ||     8
Armor: Leather armour    |    30 |     9 ||    39
       Scale mail        |     1 |       ||     1
Dodge: Dodged            |    39 |    25 ||    64
Block: Buckler           |    15 |     5 ||    20

Table legend: (Time is in decaauts)
 A = Elapsed time spent in this place.
 B = Non-inter-level travel time spent in this place.
 C = Inter-level travel time spent in this place.
 D = Time resting spent in this place.
 E = Time spent auto-exploring this place.
 F = Levels seen in this place.
 G = Mean time per level.
                   A        B        C        D        E       F      G
               +--------+--------+--------+--------+--------+-----+--------+
         Total |   3218 |   3062 |    156 |    640 |   2017 |   4 |  804.5 |
       Dungeon |   3218 |   3062 |    156 |    640 |   2017 |   4 |  804.5 |
               +--------+--------+--------+--------+--------+-----+--------+

Top non-repeatable levels by time:
     D:2: 1411 daAuts
     D:3: 868 daAuts
     D:1: 847 daAuts
     D:4: 90 daAuts
